Map: Echo LE (Void)

Players

ShoWTimE - Winner!

  • Race: Protoss Protoss
  • Spawn Location: 11:00

Elazer

  • Race: Zerg Zerg
  • Spawn Location: 5:00

Event: WESG 2016 Finals

VOD

Have the link to the VOD?

Description

Time

  • Played on: Jan. 13, 2017, 9:50 p.m.
  • Length: 6:18

All games in this series

Show
View Real Time Build Order
Export as new Build Order

ShoWTimE Protoss - Winner!

Build Orders: 1 Gate Expand, Oracle Opening, Phoenix Opening 

Get SALT Encoding   

  12  0:00  Probe (Chrono Boost)  
  13  0:11  Probe (Chrono Boost)  
  14  0:18  Pylon  
  14  0:21  Probe (Chrono Boost)  
  15  0:36  Probe (Chrono Boost)  
  15  0:40  Gateway  
  16  0:45  Assimilator  
  16  0:47  Probe (Chrono Boost)  
  17  0:57  Probe (Chrono Boost)  
  18  1:08  Probe (Chrono Boost)  
  19  1:22  Nexus  
  19  1:25  Probe (Chrono Boost)  
  20  1:35  Cybernetics Core  
  20  1:37  Probe (Chrono Boost)  
  21  1:44  Assimilator  
  21  1:48  Probe (Chrono Boost)  
  21  1:54  Pylon  
  22  1:58  Probe (Chrono Boost)  
  23  2:08  Adept  
  23  2:12  Warp Gate  
  23  2:13  Probe (Chrono Boost)  
  26  2:26  Probe (Chrono Boost)  
  27  2:32  Stargate, Zealot  
  27  2:34  Probe (Chrono Boost)  
  31  2:38  Probe (Chrono Boost)  
  31  2:45  Probe (Chrono Boost)  
  31  2:50  Probe (Chrono Boost)  
  33  2:56  Mothership Core (Chrono Boost)  
  35  3:00  Probe (Chrono Boost)  
  36  3:11  Probe (Chrono Boost)  
  36  3:12  Oracle  
  37  3:15  Probe (Chrono Boost)  
  41  3:22  Nexus  
  41  3:24  Probe (Chrono Boost)  
  43  3:28  Probe (Chrono Boost)  
  43  3:30  Pylon  
  43  3:34  Probe (Chrono Boost)  
  43  3:40  Probe (Chrono Boost), Pylon  
  45  3:45  Probe (Chrono Boost), Phoenix  
  46  3:52  Probe (Chrono Boost)  
  50  3:55  Probe (Chrono Boost)  
  50  4:00  Assimilator  
  51  4:04  Probe (Chrono Boost), Assimilator  
  51  4:06  Probe (Chrono Boost)  
  51  4:09  Phoenix  
  52  4:16  Probe x2 (Chrono Boost), Pylon  
  56  4:26  Stargate  
  56  4:27  Probe (Chrono Boost)  
  56  4:28  Probe (Chrono Boost)  
  58  4:35  Probe (Chrono Boost), Phoenix  
  58  4:37  Probe (Chrono Boost)  
  60  4:40  Probe (Chrono Boost)  
  63  4:46  Probe (Chrono Boost)  
  63  4:48  Probe (Chrono Boost), Pylon  
  66  4:53  Probe (Chrono Boost)  
  66  4:56  Probe (Chrono Boost)  
  66  4:58  Probe (Chrono Boost)  
  68  5:00  Phoenix  
  68  5:02  Sentry  
  68  5:05  Probe (Chrono Boost)  
  73  5:07  Probe (Chrono Boost), Pylon  
  73  5:09  Probe (Chrono Boost)  
  73  5:15  Pylon  
  73  5:16  Phoenix  
  75  5:23  Pylon  
  75  5:25  Sentry  
  75  5:29  Phoenix  
  75  5:31  Pylon  
  73  5:43  Phoenix, Pylon  
  73  5:45  Probe (Chrono Boost)  
  73  5:46  Probe (Chrono Boost)  
  73  5:47  Probe (Chrono Boost)  
  78  5:56  Probe x2 (Chrono Boost), Assimilator  
  80  5:58  Assimilator  
  80  5:59  Probe (Chrono Boost)  
  81  6:05  Zealot  
  81  6:06  Probe (Chrono Boost)  
  81  6:07  Probe (Chrono Boost)  
Show
View Real Time Build Order
Export as new Build Order

Elazer Zerg 

Build Orders: Pool First 

Get SALT Encoding   

  12  0:00  Drone  
  13  0:12  Overlord  
  13  0:16  Drone  
  14  0:30  Drone x2  
  14  0:34  Drone  
  17  0:43  Extractor  
  17  0:45  Drone  
  17  0:49  Spawning Pool  
  16  0:55  Drone  
  17  1:07  Drone  
  18  1:17  Drone  
  19  1:24  Hatchery  
  18  1:35  Queen  
  18  1:36  Zergling x2  
  21  1:44  Metabolic Boost  
  21  1:48  Overlord  
  21  1:51  Drone  
  22  2:11  Drone x2, Queen  
  26  2:22  Drone  
  27  2:36  Pneumatized Carapace  
  27  2:37  Hatchery  
  27  2:38  Zergling x2  
  27  2:44  Drone x2  
  27  2:48  Zergling x2  
  30  2:53  Overlord  
  30  2:55  Drone  
  31  2:58  Drone  
  31  3:01  Drone  
  31  3:03  Drone  
  34  3:16  Drone x2  
  34  3:18  Queen  
  38  3:24  Spore Crawler  
  38  3:25  Spore Crawler  
  36  3:28  Drone  
  36  3:29  Drone  
  36  3:30  Drone  
  39  3:39  Drone x2  
  41  3:45  Baneling Nest  
  41  3:46  Evolution Chamber, Overlord  
  39  3:49  Drone  
  39  3:50  Drone  
  41  3:57  Queen  
  43  4:05  Drone x2  
  43  4:09  Spore Crawler  
  42  4:11  Zergling x6  
  45  4:18  Queen  
  45  4:20  Overlord  
  47  4:25  Queen  
  49  4:32  Zergling x2  
  50  4:39  Zergling x10  
  50  4:44  Overlord  
  55  4:47  Zergling x4  
  55  4:49  Zergling x2  
  58  4:59  Overlord  
  58  5:03  Overlord  
  58  5:06  Overlord  
  56  5:19  Zergling x14  
  56  5:20  Zergling x2  
  60  5:32  Zergling x14  
  59  5:41  Queen x2  
  54  5:53  Zergling x8  
  54  5:55  Zergling x2  
  54  5:56  Zergling x2  
Tags
 
Add a new tag
Caveats
  • Supply blocks, unpowered buildings, or Contaminate may cause inaccurate times.
  • Supply counts are checked every 10 seconds.